 Dungeon Crawl Stone Soup version 0.19-a0-1260-gc94d3f7 (webtiles) character file.

130 TheGoonsmith the Conjurer (level 5, 0/28 HPs)
             Began as a Gargoyle Fire Elementalist on Aug 28, 2016.
             Splashed by a jelly's acid (8 damage)
             ... on level 3 of the Dungeon.
             The game lasted 00:03:36 (2412 turns).

TheGoonsmith the Conjurer (GrFE)                    Turns: 2412, Time: 00:03:36

Health: 0/28       AC: -1    Str: 12    XL:     5   Next: 13%
Magic:  0/9        EV: 12    Int: 16    God:
Gold:   136        SH:  0    Dex: 10    Spells: 1 memorised, 8 levels left

rFire  . . .     SeeInvis .     e - +0 whip
rCold  . . .     Gourm    .     a - +0 robe
rNeg   + . .     Faith    .     (no shield)
rPois  ∞         Spirit   .     u - +0 helmet
rElec  +         Dismiss  .     (no cloak)
rCorr  .         Reflect  .     (no gloves)
MR     .....     Harm     .     (no boots)
Stlth  ++........               (no amulet)
                                (no ring)
                                (no ring)

@: corroded
A: negative energy resistance 1, electricity resistance, unbreathing,
petrification resistance, rot immunity, AC +4
a: no special abilities


You were on level 3 of the Dungeon.
You were not hungry.

You visited 1 branch of the dungeon, and saw 3 of its levels.

You collected 136 gold pieces.

Inventory:

Hand Weapons
 e - a +0 whip (weapon)
Armour
 a - a +0 robe (worn)
 u - a +0 helmet (worn)
Jewellery
 d - an uncursed ring of ice {unknown}
Wands
 t - a wand of slowing (15/48)
Scrolls
 f - a scroll of fog {unknown}
 i - 2 scrolls of blinking {unknown}
 j - 3 scrolls of random uselessness {unknown}
 m - a scroll of remove curse {unknown}
 r - a scroll of identify {unknown}
Potions
 g - a potion of cure mutation {unknown}
 k - a potion of mutation {unknown}
 n - a potion of flight {unknown}
 p - a potion of curing {unknown}
 q - a potion of cancellation {unknown}
Books
 b - a book of Flames

   Spells                             Type                      Level
   a - Flame Tongue                   Conjuration/Fire             1
   b - Throw Flame                    Conjuration/Fire             2
   c - Conjure Flame                  Conjuration/Fire             3
   d - Inner Flame                    Hexes/Fire                   3
   e - Sticky Flame                   Conjuration/Fire             4
   f - Fireball                       Conjuration/Fire             5
Comestibles
 c - 4 bread rations
 h - a slice of pizza
 l - a meat ration
 o - a royal jelly
 s - 3 chunks of flesh
 v - a beef jerky


   Skills:
 - Level 1.5 Dodging
 - Level 2.1 Stealth
 + Level 2.9 Spellcasting
 * Level 3.8 Conjurations
 + Level 3.7 Fire Magic


You had 8 spell levels left.
You knew the following spells:

 Your Spells              Type           Power        Failure   Level  Hunger
a - Flame Tongue          Conj/Fire      ##...        4%          1    #......


Dungeon Overview and Level Annotations

Branches:
Dungeon (3/15)

Altars:
Dithmenos
Nemelex Xobeh


Innate Abilities, Weirdness & Mutations

You are resistant to torment.
Your stone body is resilient. (AC +4)
You are immune to poison.
You resist negative energy. (rN+)
You are resistant to electric shocks. (rElec)
You can survive without breathing.
You are immune to petrification.
You are immune to rotting.


Message History

The flame tongue hits the jackal.
You kill the jackal!
The jackal barely misses you. x2
The jackal bites you but does no damage.
Casting: Flame Tongue
Confirm with . or Enter, or press ? or * to list all spells.
You don't have enough magic to cast that spell.
The jackal barks!
You hit the jelly but do no damage. The acid corrodes you!
Your hands burn!
The jackal bites you but does no damage.
The jackal barely misses you. The jackal bites you.
The jelly completely misses you.
You hit the jelly but do no damage. The acid corrodes you!
Your hands burn!
The jackal bites you. x2; The jackal barely misses you.
The jelly barely misses you.
You barely miss the jelly. The jackal misses you. The jackal bites you.
The jackal barely misses you. The jelly hits you.
* * * LOW HITPOINT WARNING * * *
You are splashed with acid!
The acid burns!
You die...

#.......##.......#
###..............#
#..............#
#...........####
#...........#
#...........#
......#......####
......#...).....#
......#......@..#
......#[....hhJ......
... ................
............h....
.................
........#....?...
.......#........
......#........


You could see a jelly and 3 jackals.

Vanquished Creatures
  Robin (D:3)
  A gnoll (D:1)
  2 adders (D:2)
  2 oozes
  6 worms (D:2)
  2 dart slugs (D:1)
  A giant gecko (D:2)
  A ball python (D:1)
  A giant cockroach (D:1)
  15 goblins
  9 hobgoblins
  A jackal (D:3)
  A quokka (D:2)
  5 bats
  3 giant newts
  5 kobolds
  4 rats
60 creatures vanquished.

Notes
Turn   | Place    | Note
-------+----------+-------------------------------------------
     0 | D:1      | TheGoonsmith the Gargoyle Fire Elementalist began the quest for the Orb.
     0 | D:1      | Reached XP level 1. HP: 10/10 MP: 3/3
   181 | D:1      | Reached XP level 2. HP: 6/15 MP: 0/5
   568 | D:1      | Reached XP level 3. HP: 19/19 MP: 4/6
  1362 | D:2      | Reached XP level 4. HP: 24/24 MP: 1/7
  1662 | D:2      | Found a sparkling altar of Nemelex Xobeh.
  1826 | D:2      | Found a shadowy altar of Dithmenos.
  2184 | D:3      | Noticed Robin
  2376 | D:3      | Killed Robin
  2376 | D:3      | Reached XP level 5. HP: 28/28 MP: 4/9
  2412 | D:3      | Splashed by a jelly's acid

Vault maps used:
D:1:      tarquinn_simple_flora_water_c, nrook_loot_triangle
D:2:      overflow_temple_1_default, nicolae_overflow_crystal_walls, first_bread
D:3:      lemuel_round_altar, serial_bayou_lagoon_a, uniq_robin, uniq_terence

Skill      XL: |  1  2  3  4 |
---------------+-------------+-----
Conjurations   | 2 3 |  3.8
Dodging        | |  1.5
Stealth        | |  2.1
Spellcasting   | |  2.9
Fire Magic     | |  3.7

Action                   |  1- 3 |  4- 6 || total
-------------------------+-------+-------++-------
Melee: Whip              |    36 |     6 ||    42
 Cast: Flame Tongue      |    46 |    77 ||   123
  Eat: Chunk             |     2 |     4 ||     6
Armor: Robe              |    24 |    18 ||    42
Dodge: Dodged            |    45 |    48 ||    93
